 Dungeon Crawl Stone Soup version 0.32-a0-306-gfed3edf829 (webtiles) character file.

Game seed: 14774365886389384942

124 oldriver the Conjurer (level 4, 0/33 HPs)
             Began as a Demonspawn Conjurer on Feb 15, 2024.
             Slain by a goblin
             ... wielding a +0 dagger
             ... led by Robin
              (4 damage)
             ... on level 2 of the Dungeon.
             The game lasted 00:02:27 (1754 turns).

oldriver the Conjurer (Demonspawn Conjurer)         Turns: 1754, Time: 00:02:28

Health: 0/33       AC:  2    Str:  7    XL:     4   Next: 81%
Magic:  0/8        EV: 12    Int: 29    God:
Gold:   71         SH:  0    Dex: 11    Spells: 6/9 levels left

rFire   . . .        (no weapon)
rCold   . . .        (no shield)
rNeg    . . .        a - +0 robe
rPois   .            (helmet restricted)
rElec   .            (no cloak)
rCorr   .            (no gloves)
SInv    .            (no boots)
Will    .....        (no amulet)
Stlth   ++           h - +6 ring of intelligence
HPRegen 0.25/turn    (no ring)
MPRegen 0.11/turn

%: no passive effects
@: invisible
A: antennae 1, big brain 1
a: no special abilities


You were on level 2 of the Dungeon.
You visited 1 branch of the dungeon, and saw 2 of its levels.

You collected 71 gold pieces.

Inventory:

Armour
 a - a +0 robe (worn)
Jewellery
 h - a +6 ring of intelligence (left hand)
Scrolls
 e - a scroll of blinking {unknown}
 f - 7 scrolls of identify {unknown}
 i - a scroll of enchant weapon {unknown}
 m - a scroll of silence {unknown}
Potions
 b - a potion of magic
 c - 2 potions of invisibility
 d - a potion of degeneration {unknown}
 g - 2 potions of haste {unknown}
 j - a potion of berserk rage {unknown}
 k - a potion of attraction {unknown}
 l - a potion of cancellation {unknown}


   Skills:
 + Level 1.7 Fighting
 + Level 2.4 Dodging
 + Level 2.4 Stealth
 * Level 3.1 Spellcasting
 + Level 4.3 Conjurations


You had 6 spell levels left.
You knew the following spells:

 Your Spells              Type           Power      Damage    Failure   Level
a - Magic Dart            Conj           100%       1d8       1%          1
b - Searing Ray           Conj           58%        2d6       1%          2

Your spell library contained the following spells:

 Spells                   Type           Power      Damage    Failure   Level
 Ozocubu's Armour         Ice            4%         N/A       22%         3
 Fulminant Prism          Conj/Alch      8%         3d7       30%         4
 Iskenderun's Mystic Bla  Conj/Tloc      17%        2d5       30%         4
 Metabolic Englaciation   Hex/Ice        2%         N/A       91%         5
 Sculpt Simulacrum        Ice/Alch       2%         N/A       100%        6


Dungeon Overview and Level Annotations

Branches:
Dungeon (2/15)

Altars:


Innate Abilities, Weirdness & Mutations

You have a pair of small antennae on your head.
You have an unusually large brain. (Int +2)


Message History

Robin is severely wounded.
Robin closely misses you. The goblin closely misses you.
You hit Robin but do no damage.
Robin is severely wounded.
Robin barely misses you. The goblin hits you with a +0 club.
You hit Robin but do no damage.
Robin is severely wounded.
Robin hits you with a +0 whip. The goblin barely misses you.
You closely miss Robin.
Robin is severely wounded.
Robin completely misses you. The goblin barely misses you.
You hit Robin.
Robin is severely wounded.
Robin barely misses you. The goblin hits you with a +0 club.
Casting: Magic Dart (safe; 1% risk of failure)
Confirm with . or Enter, or press ? or * to list all spells.
Aiming: Magic Dart (safe; 1% risk of failure)
Press: ? - help, Shift-Dir - straight line, f/p - Robin
Aim: Robin, wielding a +0 whip, wearing a +0 animal skin and wearing a +0 helmet (severely wounded, 100% to hit)
The magic dart hits Robin.
You kill Robin!
The goblin no longer looks unusually strong.
The goblin misses you.
You closely miss the goblin. The goblin hits you with a +0 dagger.
The goblin closely misses you.
You hit the goblin but do no damage. The goblin hits you with a +0 dagger.
* * * LOW HITPOINT WARNING * * *
The goblin completely misses you.
You closely miss the goblin. The goblin hits you with a +0 dagger.
* * * LOW HITPOINT WARNING * * *
The goblin hits you with a +0 club.
* * * LOW HITPOINT WARNING * * *
Casting: Magic Dart (safe; 1% risk of failure)
Confirm with . or Enter, or press ? or * to list all spells.
You don't have enough magic to cast this spell.
Unknown command.
It was a potion of invisibility.
You fade into invisibility!
The goblin hits you with a +0 dagger.
You die...

.....g . . ... . #.g).##......#
......... #.gg......†#.#
#.#.#.#.#.# #.g..##.[.....
..†.....#.# #.............
#.#.#.#.#.# .# #.............
#.#.......##.########...#.......#
#.#.......##..)g@gg.)..........#
...##.#.####...###.###..#.##...#
...............###.............#
...###..........##.###..####...#
....##..........##.###..# #...#
###.##..............##.)# #...##
#..#####..........##..# ##....
##.#####..............# #.###
####................##.## ##.###


You could see a hobgoblin (strong, unable to see you) and 2 goblins.

Vanquished Creatures
  Robin (D:2)
  2 adders (D:2)
  A dart slug (D:1)
  8 bats
  5 endoplasms (D:1)
  3 giant cockroaches (D:1)
  4 hobgoblins
  2 jackals (D:1)
  A quokka (D:2)
  5 ball pythons
  4 frilled lizards
  8 goblins
  6 kobolds
  4 rats
  A spectral kobold (D:1)
55 creatures vanquished.

Notes
Turn   | Place    | Note
-------+----------+-------------------------------------------
     0 | D:1      | oldriver the Demonspawn Conjurer began the quest for the
                  | Orb.
     0 | D:1      | Reached XP level 1. HP: 13/13 MP: 3/3
   197 | D:1      | Found a faded altar of an unknown god.
   227 | D:1      | Gained mutation: You have a pair of small antennae on your
                  | head. [demonic ancestry]
   227 | D:1      | Reached XP level 2. HP: 20/20 MP: 3/5
   607 | D:1      | Reached skill level 1 in Fighting
   687 | D:1      | Gained mutation: You have an unusually large brain. (Int
                  | +2) [demonic ancestry]
   687 | D:1      | Reached XP level 3. HP: 26/26 MP: 3/6
   823 | D:1      | Learned a level 2 spell: Searing Ray
  1339 | D:2      | Reached XP level 4. HP: 32/32 MP: 6/8
  1719 | D:2      | Noticed Robin
  1750 | D:2      | Killed Robin
  1754 | D:2      | Slain by a goblin

Illustrated notes

Levels and vault maps discovered:
D:1:      psy_arrival_dodecagon, layout_rooms,
          dreamdust_ecumenical_altar_drowned_temple, minmay_misc_feat_x,
          minmay_misc_feat_ornament
D:2:      layout_basic, uniq_crazy_yiuf_cottage, uniq_robin

Skill      XL: |  1  2  3  4 |
---------------+-------------+-----
Dodging        | 2 |  2.4
Stealth        | 2 |  2.4
Fighting       | 1 |  1.7
Spellcasting   | 3 |  3.1
Conjurations   | |  4.3

Action                     |  1- 3 |  4- 6 || total
---------------------------+-------+-------++-------
  Melee: Unarmed           |     8 |    17 ||    25
   Cast: Magic Dart        |    72 |    28 ||   100
    Use: Potion            |       |     1 ||     1
 Armour: Robe              |     8 |    18 ||    26
  Dodge: Dodged            |    12 |    17 ||    29

Table legend: (Time is in decaauts)
 A = Elapsed time spent in this place.
 B = Non-inter-level travel time spent in this place.
 C = Inter-level travel time spent in this place.
 D = Time resting spent in this place.
 E = Time spent auto-exploring this place.
 F = Levels seen in this place.
 G = Mean time per level.
                   A        B        C        D        E       F      G
               +--------+--------+--------+--------+--------+-----+--------+
         Total |   1756 |   1750 |      6 |     34 |   1449 |   2 |  878.0 |
       Dungeon |   1756 |   1750 |      6 |     34 |   1449 |   2 |  878.0 |
               +--------+--------+--------+--------+--------+-----+--------+

Top non-repeatable levels by time:
     D:1: 1164 daAuts
     D:2: 591 daAuts
